 Dungeon Crawl Stone Soup version 0.30-a0-777-ga9a30cbeda (webtiles) character file.

Game seed: 2285283041612738192

1171 steos the Basher (level 8, -4/51 HPs)
             Began as a Gargoyle Fighter on Feb 14, 2023.
             Was a Believer of Okawaru.
             Killed from afar by a steam dragon (16 damage)
             ... with a ball of steam
             ... on level 6 of the Dungeon.
             The game lasted 00:16:21 (4172 turns).

steos the Basher (Gargoyle Fighter)                 Turns: 4172, Time: 00:16:21

Health: -4/51      AC: 13    Str: 23    XL:     8   Next: 41%
Magic:  8/8        EV:  9    Int:  8    God:    Okawaru [**....]
Gold:   26         SH: 12    Dex: 19    Spells: 7/7 levels left

rFire   . . .      SeeInvis .    a - +0 flail
rCold   . . .      Faith    .    u - +2 kite shield
rNeg    + . .      Spirit   .    b - +0 scale mail
rPois   ∞          Reflect  .    (no helmet)
rElec   +          Harm     .    (no cloak)
rCorr   .          Rampage  .    q - +0 pair of gloves of the Wheelwright {rElec Dex+4}
Will    .....                    (no boots)
Stlth   +                        h - amulet of regeneration
HPRegen 1.08/turn                g - +6 ring of dexterity
MPRegen 0.11/turn                (no ring)

@: no status effects
A: sickness immunity, AC +5, negative energy resistance 1, electricity
resistance, torment resistance 1, petrification resistance
a: Renounce Religion, Heroism


You were on level 6 of the Dungeon.
You worshipped Okawaru.
Okawaru was pleased with you.
You visited 1 branch of the dungeon, and saw 6 of its levels.

You collected 264 gold pieces.
You spent 238 gold pieces at shops.

Inventory:

Hand Weapons
 a - a +0 flail (weapon)
Armour
 b - a +0 scale mail (worn)
 c - a +0 buckler
 q - the +0 pair of gloves of the Wheelwright (worn) {rElec Dex+4}
   (You found it on level 3 of the Dungeon)

   Dex:       It affects your dexterity (+4).
   rElec:     It insulates you from electricity.
 u - a +2 kite shield (worn)
 v - a +0 plate armour
Jewellery
 g - a +6 ring of dexterity (left hand)
 h - an amulet of regeneration (around neck)
Wands
 y - a wand of acid (5)
Scrolls
 j - 2 scrolls of immolation
 k - a scroll of enchant armour
 n - 4 scrolls of poison
 r - a scroll of fog {unknown}
 w - a scroll of amnesia {unknown}
 x - a scroll of enchant weapon {unknown}
 z - a scroll of brand weapon {unknown}
 A - a scroll of teleportation
Potions
 d - 2 potions of might
 e - 2 potions of haste
 f - 2 potions of invisibility
 i - a potion of mutation
 l - a potion of magic
 m - 2 potions of curing
 o - 2 potions of heal wounds
 p - a potion of degeneration {unknown}
 s - a potion of resistance {unknown}
 t - a potion of brilliance {unknown}


   Skills:
 + Level 5.9 Fighting
 - Level 8.0 Maces & Flails
 - Level 3.2 Armour
 + Level 2.8 Dodging
 + Level 1.0 Stealth
 - Level 3.2 Shields
 + Level 0.1 Invocations


You had 7 spell levels left.
You didn't know any spells.
Your spell library contained the following spells:

 Spells                   Type           Power      Damage    Failure   Level
 Ensorcelled Hibernation  Hex/Ice        0%         N/A       99%         2
 Spider Form              Tmut/Pois      0%         N/A       100%        3
 Anguish                  Hex/Necr       0%         N/A       100%        4


Dungeon Overview and Level Annotations

Branches:
Dungeon (6/15)
 Temple: D:4-7

Altars:
Ashenzari
Fedhas
Gozag
Nemelex Xobeh
Okawaru
Sif Muna
Trog
Uskayaw

Shops:
D:1 *   D:2 ?   D:5 *


Innate Abilities, Weirdness & Mutations

You are immune to sickness and miasma.
Your stone body is resilient. (AC +5)
You are immune to poison.
You resist negative energy. (rN+)
You are resistant to electric shocks. (rElec)
You are resistant to unholy torment.
You are immune to petrification.


Message History

Partly explored, can't reach some items.
Partly explored, can't reach some items.
There is an escape hatch in the floor here.
There is a stone staircase leading down here.
You climb downwards.
Found a murky amethyst potion.
There is a stone staircase leading up here.
p - a murky amethyst potion A steam dragon comes into view.
The steam dragon hisses angrily.
The steam dragon breathes steam at you. The ball of steam hits you!
You hear a shout!
You hit the steam dragon.
The steam dragon is lightly wounded.
You are engulfed in a cloud of scalding steam.
You block the steam dragon's attack.
The steam dragon claws you but does no damage.
You sock the steam dragon!
The steam dragon is severely wounded.
You are engulfed in a cloud of scalding steam.
The steam dragon bites you!
The steam dragon claws you but does no damage.
You closely miss the steam dragon.
The steam dragon is severely wounded.
You are engulfed in a cloud of scalding steam.
A shadow imp comes into view.
The steam dragon bites you but does no damage.
The steam dragon claws you.
You thump the steam dragon!
The steam dragon is almost dead.
You are engulfed in a cloud of scalding steam.
* * * LOW HITPOINT WARNING * * *
The steam dragon closely misses you. You block the steam dragon's attack.
You closely miss the steam dragon.
The steam dragon is almost dead.
You block the steam dragon's attack. x2
The steam dragon breathes steam at you. The ball of steam hits you!
You die...

..### ####### .....
....§..## ......
........# ......
........## #......
.........###.......
.....5....#......D.
#..<.@#.# #.....D.#
##......#
#........#
#.....#### ##...##
#####


You could see a steam dragon (catching breath) and a shadow imp.

Vanquished Creatures
  An ogre (D:5)
  A centaur (D:5)
  2 phantoms (D:4)
  2 scorpions
  A wight (D:5)
  A howler monkey (D:5)
  5 hounds (D:4)
  2 jellies
  2 gnoll boudas
  2 orc wizards (D:3)
  8 gnolls
  16 adders
  2 ufetubi
  2 worms
  2 dart slugs (D:4)
  5 orcs
  4 endoplasms
  3 giant cockroaches
  13 goblins
  9 hobgoblins
  4 jackals
  4 kobolds
  4 quokkas (D:1)
  6 ball pythons
  3 bats
  2 frilled lizards
  4 rats
110 creatures vanquished.

Notes
Turn   | Place    | Note
-------+----------+-------------------------------------------
     0 | D:1      | steos the Gargoyle Fighter began the quest for the Orb.
     0 | D:1      | Reached XP level 1. HP: 14/14 MP: 1/1
    73 | D:1      | Reached XP level 2. HP: 19/19 MP: 2/2
   350 | D:1      | Found Akkikhasm's General Store.
   362 | D:1      | Reached XP level 3. HP: 24/24 MP: 3/3
   623 | D:1      | Reached skill level 3 in Maces & Flails
   673 | D:2      | Found Dyguin's Magic Scroll Emporium.
   683 | D:2      | Bought 2 scrolls of identify for 44 gold pieces
   756 | D:2      | Reached XP level 4. HP: 29/29 MP: 4/4
  1495 | D:3      | Found a hide-covered altar of Uskayaw.
  1563 | D:3      | Reached skill level 4 in Maces & Flails
  1664 | D:3      | Identified the +0 pair of gloves of the Wheelwright {rElec
                  | Dex+4}
  1714 | D:3      | Reached skill level 1 in Dodging
  1714 | D:3      | Reached XP level 5. HP: 33/33 MP: 5/5
  2048 | D:3      | Found an iron altar of Okawaru.
  2054 | D:3      | Found a broken altar of Ashenzari.
  2059 | D:3      | Found a bloodstained altar of Trog.
  2069 | D:3      | Became a worshipper of Warmaster Okawaru
  2250 | D:4      | Reached skill level 5 in Maces & Flails
  2332 | D:4      | Reached XP level 6. HP: 38/39 MP: 6/6
  2583 | D:4      | Reached skill level 6 in Maces & Flails
  2725 | D:4      | Reached XP level 7. HP: 26/44 MP: 7/7
  2863 | D:4      | Reached * piety under Okawaru
  3243 | D:5      | Entered Level 5 of the Dungeon
  3285 | D:5      | Found a sparkling altar of Nemelex Xobeh.
  3391 | D:5      | Found a blossoming altar of Fedhas.
  3397 | D:4      | Reached skill level 7 in Maces & Flails
  3472 | D:5      | Found a shimmering blue altar of Sif Muna.
  3635 | D:4      | Reached skill level 8 in Maces & Flails
  3635 | D:4      | Reached XP level 8. HP: 39/48 MP: 8/8
  3642 | D:4      | Reached skill level 5 in Fighting
  3685 | D:5      | Reached ** piety under Okawaru
  3695 | D:5      | Found an opulent altar of Gozag.
  3696 | D:5      | Identified the +1 leather armour of Ynalamex {rPois Str-3
                  | SInv}
  3764 | D:5      | Reached skill level 1 in Stealth
  3795 | D:5      | Found Leetec's General Store.
  3803 | D:5      | Bought a scroll of identify for 22 gold pieces
  3803 | D:5      | Bought a scroll of teleportation for 33 gold pieces
  3803 | D:5      | Bought a scroll of identify for 22 gold pieces
  3895 | D:1      | Bought a potion of heal wounds for 65 gold pieces
  3895 | D:1      | Bought 2 scrolls of identify for 52 gold pieces
  4172 | D:6      | Killed from afar by a steam dragon

Illustrated notes

Levels and vault maps discovered:
D:1:      dreamdust_arrival_sigmund_warning, layout_basic, serial_shops,
          nicolae_shop_waterfront, minmay_distorted
D:2:      layout_basic, serial_shops, shop_scrolls
D:3:      layout_basic, mainiacjoe_overflow_paths,
          minmay_overflow_temple_star_quad
D:4:      layout_cave_pods, minmay_pentomino_pile
D:5:      lemuel_ice_spiral_2, layout_rooms, lemuel_doored_altar,
          mainiacjoe_overflow_brackets, fedhas_bush_and_centaur_altar,
          serial_shops, kennysheep_mini_moat, minmay_misc_feat_ornament,
          minmay_ruined_shrine
D:6:      minmay_octagon_keep, layout_cave_pods, lemuel_round_altar,
          mainiacjoe_overflow_catwalk, mainiacjoe_overflow_large_starburst,
          minmay_temple_entry_statues_pillars, uniq_sigmund,
          uniq_prince_ribbit1, uniq_maggie

Skill      XL: |  1  2  3  4  5  6  7  8 |
---------------+-------------------------+-----
Fighting       | 4 5 |  5.9
Maces & Flails | 3 4 5 6 8 |  8.0
Dodging        | 1 2 |  2.8
Stealth        | 1 |  1.0
Armour         | |  3.2
Shields        | |  3.2
Invocations    | |  0.1

Action                     |  1- 3 |  4- 6 |  7- 9 || total
---------------------------+-------+-------+-------++-------
  Melee: Flail             |   118 |   186 |   161 ||   465
 Invoke: Heroism           |       |       |     1 ||     1
    Use: Scroll            |     2 |     3 |     5 ||    10
 Armour: Scale mail        |    82 |    83 |    94 ||   259
  Dodge: Dodged            |    78 |    88 |    85 ||   251
  Block: Buckler           |    21 |    34 |    34 ||    89
         Kite shield       |       |       |    75 ||    75

Table legend: (Time is in decaauts)
 A = Elapsed time spent in this place.
 B = Non-inter-level travel time spent in this place.
 C = Inter-level travel time spent in this place.
 D = Time resting spent in this place.
 E = Time spent auto-exploring this place.
 F = Levels seen in this place.
 G = Mean time per level.
                   A        B        C        D        E       F      G
               +--------+--------+--------+--------+--------+-----+--------+
         Total |   4279 |   3959 |    320 |     51 |   2717 |   6 |  713.2 |
       Dungeon |   4279 |   3959 |    320 |     51 |   2717 |   6 |  713.2 |
               +--------+--------+--------+--------+--------+-----+--------+

Top non-repeatable levels by time:
     D:4: 1186 daAuts
     D:3: 1047 daAuts
     D:1: 737 daAuts
     D:2: 663 daAuts
     D:5: 624 daAuts
     D:6: 19 daAuts
